AoeStats
← Sr.Piquete

Golden Pit

509249197Analyzed
1v1 RM · 5d ago on Sep 26, 2026· 47m 3s· 2 players
Game mode
Random Map
Map size
Tiny (2 player)
Population
200
Speed
Normal
Resources
Standard
Victory
Conquest
Starting age
Dark Age
Ending age
Imperial Age
RankedLock teamsTeams togetherTeam positionsShared explorationLock speedFull tech treeHidden civsTurbo modeCheats
Victory
Defeat
🇨🇱 Danes · Chile
1200
+16
🇧🇷 Burgundians · Brazil
1208
-16
Sr.Piquete
3:01 Loom
4:14 Loom
11:10 Feudal Age
11:42 Double-Bit Axe
13:04 Gold Mining
15:24 Wheelbarrow
15:06 Horse Collar
18:09 Fletching
23:07 Castle Age
20:57 Man-at-Arms
21:23 Arson
22:20 Scale Mail Armor
23:26 Long Swordsman
23:52 Gambesons
24:07 Squires
23:28 Pikeman
24:29 Chain Mail Armor
36:00 Forging
45:13 Hamask
49:03 Imperial Age
Thiago89FJ
6:29 Double-Bit Axe
6:39 Loom
10:16 Feudal Age
10:55 Horse Collar
20:27 Castle Age
20:00 Scale Barding Armor
20:06 Forging
21:14 Husbandry
23:30 Wheelbarrow
22:41 Town Watch
23:41 Cavalier
30:51 Stone Mining
30:51 Gold Mining
31:15 Bow Saw
36:45 Imperial Age
36:52 Imperial Age
35:08 Chain Barding Armor
35:44 Heavy Plow
40:56 Imperial Age
41:30 Padded Archer Armor
41:20 Fletching
41:46 Burgundian Vineyards
43:25 Chemistry
Connection lost

Rejoining the realm…

Still unreachable

The connection could not be restored.

Session expired

The server has moved on; the page needs a fresh start.